AoeStats
← 焕

Arena

509932330Analyzed
2v2 RM · 3d ago on Sep 28, 2026· 52m 37s· 4 players
Game mode
Random Map
Map size
Medium (4 player)
Population
200
Speed
Normal
Resources
Standard
Victory
Conquest
Starting age
Dark Age
Ending age
Imperial Age
RankedLock teamsTeams togetherTeam positionsShared explorationLock speedFull tech treeHidden civsTurbo modeCheats
Victory
Defeat
🇮🇹 Cumans · Italy
1303
+15
🇮🇹 Romans · Italy
1280
+15
🇫🇮 Teutons · Finland
1275
-15
🇫🇮 Saracens · Finland
1274
-15
Laxsus
6:16 Loom
9:16 Feudal Age
13:05 Castle Age
20:05 Wheelbarrow
25:41 Imperial Age
24:11 Scale Barding Armor
24:23 Double-Bit Axe
25:13 Forging
27:59 Chain Barding Armor
28:58 Bloodlines
30:37 Husbandry
34:24 Iron Casting
34:31 Plate Barding Armor
35:51 Heavy Camel Rider
39:27 Blast Furnace
39:01 Horse Collar
50:14 Fletching
50:50 Bodkin Arrow
50:26 Elite Skirmisher
boxser25
6:55 Loom
9:02 Feudal Age
11:14 Fletching
30:39 Castle Age
29:10 Horse Collar
29:19 Double-Bit Axe
30:17 Forging
31:13 Bloodlines
33:55 Scale Barding Armor
39:29 Gold Mining
39:30 Stone Mining
41:20 Chain Barding Armor
41:38 Iron Casting
44:32 Scale Mail Armor
47:12 Imperial Age
47:44 Bodkin Arrow
52:11 Squires
51:31 Pikeman
塔奈花铃
11:25 Feudal Age
13:39 Loom
19:01 Wheelbarrow
18:41 Horse Collar
18:53 Double-Bit Axe
19:35 Town Watch
24:02 Castle Age
23:35 Gold Mining
23:39 Stone Mining
24:33 Scale Barding Armor
24:38 Forging
25:05 Hand Cart
26:27 Bloodlines
27:53 Gold Shaft Mining
31:15 Imperial Age
29:29 Bow Saw
29:21 Heavy Plow
30:12 Chain Barding Armor
31:07 Iron Casting
31:37 Cavalier
33:12 Plate Barding Armor
38:52 Blast Furnace
38:58 Paladin
40:37 Conscription
焕
10:35 Feudal Age
11:55 Double-Bit Axe
12:01 Gold Mining
11:53 Horse Collar
12:31 Scale Mail Armor
12:54 Man-at-Arms
17:19 Town Watch
17:21 Loom
20:37 Wheelbarrow
23:05 Castle Age
21:01 Fletching
21:46 Stone Mining
21:49 Gold Mining
22:13 Padded Archer Armor
25:22 Bow Saw
25:44 Heavy Plow
38:50 Hand Cart
39:25 Squires
38:46 Pikeman
39:42 Chain Mail Armor
39:36 Town Watch
47:23 Imperial Age
45:22 Forging
46:54 Gold Shaft Mining
46:29 Ballistas
47:28 Halberdier
48:46 Iron Casting
48:21 Siege Engineers
49:09 Conscription
49:56 Crop Rotation
50:52 Capped Ram
50:54 Heavy Scorpion
52:19 Ballistics
53:53 Chemistry
Connection lost

Rejoining the realm…

Still unreachable

The connection could not be restored.

Session expired

The server has moved on; the page needs a fresh start.